 Dungeon Crawl Stone Soup version 0.29.1-13-g9f3cf754e1 (webtiles) character file.

Game seed: 7458818760504063517

22716 DemonSlayer the Thaumaturge (level 12, -1/83 HPs)
             Began as a Demonspawn Earth Elementalist on Jan 27, 2023.
             Was a High Priest of Nemelex Xobeh.
             Slain by a seven-headed hydra (10 damage)
             ... on level 4 of the Lair of Beasts.
             The game lasted 00:39:44 (15684 turns).

DemonSlayer the Thaumaturge (DsEE)                 Turns: 15684, Time: 00:39:45

Health: -1/83      AC: 10    Str: 12    XL:     12   Next: 65%
Magic:  4/27       EV: 12    Int: 22    God:    Nemelex Xobeh [*****.]
Gold:   730        SH:  4    Dex: 14    Spells: 3/33 levels left

rFire   . . .      SeeInvis +   E - +9 dagger of Ugityl {drain, SInv}
rCold   + . .      Faith    .   d - +0 buckler
rNeg    . . .      Spirit   .   h - +2 leather armour {rC+}
rPois   +          Reflect  .   o - +2 hat
rElec   .          Harm     .   (no cloak)
rCorr   +          Rampage  .   s - +2 pair of gloves
Will    .....                   (no boots)
Stlth   +++.......              r - amulet of regeneration
HPRegen 1.03/turn               x - ring of resist corrosion
MPRegen 0.20/turn               K - ring of poison resistance

@: no status effects
A: ignite blood 2, spiny 1, big brain 2, demonic touch 2, no potion heal 1
a: Renounce Religion, Draw Escape, Draw Destruction, Draw Summoning, Triple
Draw, Deal Four, Stack Five


You were on level 4 of the Lair of Beasts.
You worshipped Nemelex Xobeh.
Nemelex Xobeh was extremely pleased with you.
You visited 2 branches of the dungeon, and saw 12 of its levels.

You collected 730 gold pieces.

Inventory:

Hand Weapons
 B - a +8 vorpal long sword
 E - the +9 dagger of Ugityl (weapon) {drain, SInv}
   (You took it off a kobold on level 8 of the Dungeon)

   A truly terrible weapon, it drains the life of any living foe it strikes.
   SInv:      It lets you see invisible.
Missiles
 l - 2 silver javelins
 L - a curare-tipped dart
Armour
 d - a +0 buckler (worn)
 h - a +2 leather armour of cold resistance (worn)
 o - a +2 hat (worn)
 s - a +2 pair of gloves (worn)
 v - a +2 robe of fire resistance
Jewellery
 r - an amulet of regeneration (around neck)
 x - a ring of resist corrosion (left hand)
 K - a ring of poison resistance (right hand)
Wands
 e - a wand of mindburst (21)
 y - a wand of flame (16)
 I - a wand of roots (6)
 J - a wand of paralysis (9)
Scrolls
 f - 3 scrolls of poison
 i - a scroll of amnesia
 k - a scroll of summoning
 m - 2 scrolls of silence
 t - 2 scrolls of butterflies
 w - 3 scrolls of magic mapping
 z - 2 scrolls of fear
 C - a scroll of enchant armour
 D - a scroll of identify
 M - a scroll of brand weapon
 P - a scroll of immolation
Potions
 a - 3 potions of brilliance
 b - a potion of magic
 c - 3 potions of attraction
 g - 2 potions of might
 j - a potion of mutation
 n - 2 potions of cancellation
 p - a potion of ambrosia
 q - 3 potions of curing
 u - a potion of berserk rage
 A - 3 potions of haste
 F - a potion of invisibility
 G - 2 potions of lignification
 N - 3 potions of flight


   Skills:
 + Level 4.0 Fighting
 + Level 2.6(2.7) Short Blades
 + Level 0.6(1.7) Long Blades
 + Level 1.0 Throwing
 + Level 4.8 Armour
 + Level 4.1 Dodging
 + Level 6.3 Stealth
 + Level 2.7 Shields
 + Level 11.2 Spellcasting
 + Level 7.7 Conjurations
 + Level 2.1 Transmutations
 + Level 10.7 Earth Magic
 + Level 1.6 Evocations


You had 3 spell levels left.
You knew the following spells:

 Your Spells              Type           Power      Damage    Failure   Level
a - Sandblast             Erth           100%       2d20      1%          1
b - Passwall              Tmut/Erth      33%        N/A       1%          2
c - Stone Arrow           Conj/Erth      100%       3d13      1%          3
d - Petrify               Tmut/Erth      40%        N/A       6%          4
e - Ozocubu's Refrigerat  Ice            6%         4d8       100%        7
f - Ozocubu's Armour      Ice            12%        N/A       26%         3
g - Summon Guardian Gole  Hex/Summ       12%        N/A       26%         3
h - Spellforged Servitor  Conj/Summ      14%        N/A       100%        7

Your spell library contained the following spells:

 Spells                   Type           Power      Damage    Failure   Level
 Orb of Destruction       Conj           23%        9d8       97%         7


Dungeon Overview and Level Annotations

Branches:
Dungeon (8/15)             Temple (0/1) D:5            Lair (4/5) D:8
 Shoals (0/4) Lair:3        Snake (0/4) Lair:2
  Slime: Lair:4-5

Altars:
Ashenzari
Cheibriados
Dithmenos
Gozag
Hepliaklqana
Makhleb
Nemelex Xobeh
Qazlal
Uskayaw
Vehumet
Wu Jian
Xom

Annotations:
D:6 1 runed translucent door, rddays123's ghost, novice MiFi


Innate Abilities, Weirdness & Mutations

Your demonic aura often causes spilled blood to erupt in flames.
You are partially covered in sharp spines.
You have an extremely huge brain. (Int +4)
Your touch may inflict irresistible damage on your foes.
Potions are less effective at restoring your health.


Message History

The seven-headed hydra bites you but does no damage. x3
The seven-headed hydra bites you! The seven-headed hydra bites you. x2
* * * LOW HITPOINT WARNING * * *
You block the seven-headed hydra's attack.
The blink frog attacks as you move away!
The blink frog hits you.
* * * LOW HITPOINT WARNING * * *
The seven-headed hydra is engulfed in blazing flames.
The blink frog closely misses you.
You see here a yak corpse.
Unknown command.
You draw a card...
You have drawn the Storm.
A fierce wind blows from the card.
The blink frog is blown away by the wind.
You hear a mighty peal of thunder!
You hear a howl! x2; You hear an angry growl.
The blink frog hits you but does no damage.
The blink frog blinks!
The seven-headed hydra is struck by your spines.
The seven-headed hydra closely misses you.
The seven-headed hydra bites you!
* * * LOW HITPOINT WARNING * * *
The seven-headed hydra bites you but does no damage.
You block the seven-headed hydra's attack.
The seven-headed hydra closely misses you.
The seven-headed hydra completely misses you.
The seven-headed hydra barely misses you.
Unknown command.
You draw a card...
You have drawn Pain.
Press: ? - help, Shift-Dir - straight line, f/p - seven-headed hydra
Aim: a seven-headed hydra (severely wounded)
The bolt of negative energy misses the seven-headed hydra.
The blink frog blinks!
The seven-headed hydra is struck by your spines.
The seven-headed hydra bites you!
* * * LOW HITPOINT WARNING * * *
The seven-headed hydra barely misses you.
The seven-headed hydra bites you!
You die...
Your body glows with a rainbow of weird colours and disappears.

#.#..##.....# #......>.
#.. ......... #..
#........ ## #..
#........ ~..~##..
#..☼.....
.#..~#...##.○......
#..~.#...#FD.......
.~.#....#@†☼§.....
#~....#..#...P...
##......†F#....... .
###.....#......F....
.#####..........#........
..........##....##..F....
........###.....##....!..
##..##..##......PP...#.
##..#................#


You could see a seven-headed hydra and 3 blink frogs.

Vanquished Creatures
  Gastronok (D:8)
  3 hydras
  2 boulder beetles
  A two-headed ogre (D:7)
  An oklob plant (Lair:3)
  A manticore (Lair:3)
  2 black mambas
  10 cane toads
  Joseph (D:8)
  2 rime drakes
  4 komodo dragons
  Psyche (D:8)
  A wind drake (Lair:3)
  10 blink frogs
  2 wyverns
  27 yaks
  3 basilisks
  Menkaure (D:7)
  4 nagas (Lair:2)
  6 water moccasins
  An orc warrior (D:7)
  3 ice beasts
  A black bear (Lair:2)
  2 centaurs
  3 wolves (Lair:3)
  2 ogres (D:5)
  2 phantoms (D:6)
  3 kobold brigands
  2 necrophages
  5 bullfrogs
  2 scorpions
  4 wights
  2 killer bees (D:4)
  2 electric eels (D:7)
  3 howler monkeys
  2 orc priests (D:7)
  2 hounds
  A jelly (D:6)
  An iguana (D:6)
  3 orc wizards
  Terence (D:3)
  7 gnolls
  8 adders
  A shadow imp (D:7)
  2 white imps
  An ufetubus (D:6)
  2 worms
  A dart slug (D:3)
  22 orcs
  7 bats
  4 endoplasms
  3 giant cockroaches
  5 goblins
  9 hobgoblins
  7 jackals
  3 quokkas
  7 ball pythons
  2 frilled lizards
  17 kobolds
  9 rats
247 creatures vanquished.

Vanquished Creatures (collateral kills)
  Sigmund (D:4)
  2 yaks (Lair:1)
  A kobold brigand (D:7)
  An orc priest (D:7)
  An orc wizard (D:7)
  An orc (D:7)
  3 kobolds (D:7)
10 creatures vanquished.

Vanquished Creatures (others)
  5 fungi
  21 plants
26 creatures vanquished.

Grand Total: 283 creatures vanquished

Notes
Turn   | Place    | Note
-------+----------+-------------------------------------------
     0 | D:1      | DemonSlayer the Demonspawn Earth Elementalist began the
                  | quest for the Orb.
     0 | D:1      | Reached XP level 1. HP: 13/13 MP: 3/3
    71 | D:1      | Found a faded altar of an unknown god.
    89 | D:1      | Prayed at the altar of an unknown god.
    89 | D:1      | Became a worshipper of Nemelex Xobeh the Trickster
    89 | D:1      | Reached * piety under Nemelex Xobeh
    89 | D:1      | Received a gift from Nemelex Xobeh
   138 | D:1      | Gained mutation: Your demonic aura sometimes causes spilled
                  | blood to erupt in flames. [demonic ancestry]
   138 | D:1      | Reached XP level 2. HP: 19/19 MP: 3/5
   141 | D:1      | Learned a level 2 spell: Passwall
   743 | D:1      | Received a gift from Nemelex Xobeh
  1253 | D:2      | Reached XP level 3. HP: 21/24 MP: 2/6
  1481 | D:2      | Reached ** piety under Nemelex Xobeh
  1488 | D:2      | Received a gift from Nemelex Xobeh
  1662 | D:2      | Reached skill level 1 in Fighting
  1900 | D:2      | Received a gift from Nemelex Xobeh
  2029 | D:2      | Found a hide-covered altar of Uskayaw.
  2169 | D:2      | Learned a level 3 spell: Stone Arrow
  2387 | D:3      | Reached XP level 4. HP: 30/32 MP: 1/7
  2623 | D:3      | Noticed Terence
  2628 | D:3      | Killed Terence
  2629 | D:3      | Reached skill level 3 in Spellcasting
  2685 | D:3      | Found an opulent altar of Gozag.
  2688 | D:3      | Found a shadowy altar of Dithmenos.
  2689 | D:3      | Found a snail-covered altar of Cheibriados.
  2769 | D:3      | Reached *** piety under Nemelex Xobeh
  3279 | D:4      | Noticed an ice beast
  3281 | D:4      | Killed an ice beast
  3282 | D:4      | Gained mutation: Your demonic aura often causes spilled
                  | blood to erupt in flames. [demonic ancestry]
  3282 | D:4      | Reached XP level 5. HP: 37/37 MP: 7/10
  3444 | D:4      | Reached skill level 1 in Armour
  3457 | D:4      | Noticed Ijyb
  3461 | D:4      | Noticed Ijyb
  3461 | D:4      | Ijyb changed into Ijyb the killer bee
  3463 | D:4      | Killed Ijyb the killer bee
  3464 | D:4      | Reached XP level 6. HP: 29/43 MP: 11/11
  3517 | D:4      | Reached skill level 4 in Spellcasting
  3662 | D:4      | Noticed a water moccasin
  3668 | D:4      | Noticed a rime drake
  3668 | D:4      | a water moccasin changed into a rime drake
  3670 | D:4      | Killed a rime drake
  3671 | D:4      | Gained mutation: You have an unusually large brain. (Int
                  | +2) [demonic ancestry]
  3671 | D:4      | Reached XP level 7. HP: 33/50 MP: 10/14
  3817 | D:4      | Noticed Sigmund
  3857 | D:4      | Noticed a rust devil
  3860 | D:4      | Killed Sigmund
  3861 | D:4      | Reached skill level 5 in Spellcasting
  3861 | D:4      | Reached skill level 5 in Earth Magic
  3882 | D:4      | You fall into a shaft and drop 3 floors!
  4234 | D:7      | Gained mutation: Potions are less effective at restoring
                  | your health. [potion of mutation]
  4243 | D:7      | Gained mutation: You have an extremely huge brain. (Int +4)
                  | [demonic ancestry]
  4243 | D:7      | Reached XP level 8. HP: 15/57 MP: 16/16
  4527 | D:7      | Noticed a two-headed ogre
  4530 | D:7      | Identified the -2 hand axe of Wecs {vamp, Will+ Str+2}
  4537 | D:7      | Killed a two-headed ogre
  4538 | D:7      | Reached skill level 1 in Shields
  4538 | D:7      | Reached skill level 6 in Spellcasting
  5020 | D:7      | Noticed a boulder beetle
  5413 | D:6      | Found a runed translucent door.
  5413 | D:6      | Found a shimmering altar of Xom.
  5413 | D:6      | Noticed rddays123's ghost (novice MiFi)
  5414 | D:6      | Noticed a +0 whip of chaos
  5673 | D:6      | Identified the -1 pair of gloves "Ebbican" {Int+3}
  5699 | D:6      | Gained mutation: Your touch may inflict minor irresistible
                  | damage on your foes. [demonic ancestry]
  5699 | D:6      | Reached XP level 9. HP: 57/64 MP: 15/19
  5764 | D:6      | Received a gift from Nemelex Xobeh
  6460 | D:6      | Reached skill level 1 in Short Blades
  6584 | D:6      | Reached skill level 7 in Spellcasting
  7127 | D:6      | Received a gift from Nemelex Xobeh
  7211 | D:5      | Entered Level 5 of the Dungeon
  7211 | D:5      | Reached **** piety under Nemelex Xobeh
  7379 | D:5      | Found a staircase to the Ecumenical Temple.
  7396 | D:5      | Found a burning altar of Makhleb.
  7498 | D:5      | Found a hazy altar of Hepliaklqana.
  7557 | D:5      | Found a radiant altar of Vehumet.
  7564 | D:5      | Found an ornate altar of the Wu Jian Council.
  7776 | D:5      | Reached skill level 1 in Conjurations
  8165 | D:5      | Learned a level 4 spell: Petrify
  8173 | D:5      | Learned a level 7 spell: Ozocubu's Refrigeration
  8221 | D:6      | Learned a level 3 spell: Ozocubu's Armour
  8262 | D:7      | Killed a boulder beetle
  8497 | D:7      | Gained mutation: Your touch may inflict irresistible damage
                  | on your foes. [demonic ancestry]
  8497 | D:7      | Reached XP level 10. HP: 70/70 MP: 7/21
  8920 | D:7      | Noticed Menkaure
  8925 | D:7      | Killed Menkaure
  8926 | D:7      | Reached skill level 8 in Spellcasting
  9188 | D:8      | Noticed Gastronok
  9193 | D:8      | Identified the -1 hand axe of Gehimo {venom, +Blink rC+
                  | Str+4 Stlth-}
  9197 | D:8      | Killed Gastronok
  9266 | D:8      | Noticed Psyche
  9273 | D:8      | Killed Psyche
  9511 | D:8      | Identified the +9 dagger of Ugityl {drain, SInv}
  9754 | D:8      | Received a gift from Nemelex Xobeh
  9771 | D:8      | Found a staircase to the Lair.
  9783 | D:8      | Reached skill level 1 in Evocations
 10008 | D:8      | Noticed Joseph
 10013 | D:8      | Killed Joseph
 10183 | D:8      | Found a stormy altar of Qazlal.
 10216 | D:8      | Found a sparkling altar of Nemelex Xobeh.
 10391 | Lair:1   | Entered Level 1 of the Lair of Beasts
 10490 | Lair:1   | Noticed a boulder beetle
 10512 | Lair:1   | Killed a boulder beetle
 10513 | Lair:1   | Reached skill level 1 in Throwing
 10513 | Lair:1   | Reached skill level 9 in Spellcasting
 10513 | Lair:1   | Reached skill level 1 in Transmutations
 10716 | Lair:1   | Noticed a cane toad
 10721 | Lair:1   | Reached XP level 11. HP: 76/76 MP: 0/24
 10723 | Lair:1   | Reached skill level 5 in Stealth
 11013 | Lair:1   | Reached skill level 5 in Conjurations
 11145 | Lair:1   | Noticed a four-headed hydra
 11153 | Lair:1   | Killed a four-headed hydra
 11302 | Lair:1   | Found a broken altar of Ashenzari.
 11377 | Lair:1   | Reached ***** piety under Nemelex Xobeh
 11675 | Lair:1   | Noticed a four-headed hydra
 11677 | Lair:1   | Killed a four-headed hydra
 11883 | Lair:1   | Learned a level 3 spell: Summon Guardian Golem
 12118 | Lair:2   | Received a gift from Nemelex Xobeh
 12324 | Lair:2   | Reached skill level 10 in Spellcasting
 12430 | Lair:2   | Found a staircase to the Snake Pit.
 13343 | Lair:2   | Learned a level 7 spell: Spellforged Servitor
 13735 | Lair:3   | Noticed a six-headed hydra
 13738 | Lair:3   | Killed a six-headed hydra
 13830 | Lair:3   | Found a staircase to the Shoals.
 13842 | Lair:3   | Gained mutation: You are partially covered in sharp spines.
                  | [demonic ancestry]
 13842 | Lair:3   | Reached XP level 12. HP: 8/83 MP: 2/26
 14273 | Lair:3   | Reached skill level 10 in Earth Magic
 14780 | Lair:3   | Reached skill level 11 in Spellcasting
 15167 | Lair:3   | Received a gift from Nemelex Xobeh
 15411 | Lair:4   | Noticed a seven-headed hydra
 15684 | Lair:4   | Slain by a seven-headed hydra

Illustrated notes

Levels and vault maps discovered:
D:1:      eino_arrival_druids_welcome, layout_loops_ring,
          hellmonk_ecumenical_altar_lost_god
D:2:      layout_loops_cross, basic_altar
D:3:      layout_basic, minitemple, nicolae_overflow_crystal_walls, uniq_terence
D:4:      corexii_shantytown, layout_basic,
          nicolae_ossuary_entry_false_entrances, uniq_edmund, uniq_duvessa,
          uniq_ijyb, uniq_sigmund
D:5:      layout_rooms, nicolae_overflow_hallway_of_the_gods,
          minmay_temple_entry_drinking_statues
D:6:      layout_gridville, ebering_ghost_xom
D:7:      layout_gridville, chequers_big_river, uniq_menkaure
D:8:      layout_basic, mainiacjoe_overflow_two_lobes, david_lair_shrubbed,
          roderic_roman_lattice, uniq_psyche, uniq_gastronok, uniq_joseph
Lair:1:   layout_cave_pods, basic_altar, chequers_serial_rivers_micro_e
Lair:2:   layout_layer_cave, guppyfry_snake_entry_garden, st_stairs_6
Lair:3:   layout_long_grid, minmay_shoals_entry_beasts, minivault_25,
          serial_bayou_pond_a, st_stairs_12
Lair:4:   hellmonk_ruined_rings, layout_gridlike, special_room
          [special_room_mythical_zoo], serial_bayou_shore_b

Skill      XL: |  1  2  3  4  5  6  7  8  9 10 11 12 |
---------------+-------------------------------------+-----
Dodging        | 2 3 4 |  4.1
Earth Magic    | 3 4 5 6 7 8 9 10 | 10.7
Stealth        | 2 3 4 6 |  6.3
Fighting       | 1 2 3 4 |  4.0
Spellcasting   | 3 4 5 6 7 9 10 11 | 11.2
Armour         | 1 2 3 4 |  4.8
Shields        | 1 2 |  2.7
Short Blades   | 1 2 |  2.6
Conjurations   | 3 4 6 7 |  7.7
Evocations     | 1 |  1.6
Throwing       | 1 |  1.0
Transmutations | 1 2 |  2.1
Long Blades    | |  0.6

Action                   |  1- 3 |  4- 6 |  7- 9 | 10-12 || total
-------------------------+-------+-------+-------+-------++-------
Melee: Dagger            |    55 |    13 |    58 |    44 ||   170
       Long sword        |       |       |     2 |    10 ||    12
Throw: Javelin           |       |       |       |     2 ||     2
       Dart              |       |       |       |     1 ||     1
 Cast: Sandblast         |    50 |    48 |    62 |       ||   160
       Stone Arrow       |       |       |    48 |   172 ||   220
       Petrify           |       |       |       |     3 ||     3
Invok: Draw Destruction  |       |    10 |     8 |    11 ||    29
       Draw Escape       |       |     2 |     3 |     2 ||     7
       Draw Summoning    |       |       |     4 |     2 ||     6
Evoke: Wand              |       |       |     1 |     8 ||     9
  Use: Scroll            |    11 |     3 |     8 |    12 ||    34
       Potion            |       |     2 |     8 |     1 ||    11
 Stab: Sleeping          |     8 |     2 |     1 |     3 ||    14
       Petrified         |       |       |       |     6 ||     6
Armor: Robe              |    12 |       |       |       ||    12
       Leather armour    |     8 |    15 |    35 |    36 ||    94
       Skin              |       |       |    16 |       ||    16
Dodge: Dodged            |    50 |    32 |    55 |    51 ||   188
Block: Buckler           |    10 |    11 |    25 |    18 ||    64
